 Dungeon Crawl Stone Soup version 0.27-a0-54-g64bdb92e38 (webtiles) character file.

Game seed: 10395333529131765718

11194 Borgoz the Carver (level 11, -1/100 HPs)
             Began as a Minotaur Berserker on Jan 7, 2021.
             Was the Champion of Trog.
             Slain by a seven-headed hydra (8 damage)
             ... on level 11 of the Dungeon.
             The game lasted 00:21:05 (11066 turns).

Borgoz the Carver (Minotaur Berserker)             Turns: 11066, Time: 00:21:05

Health: -1/100     AC: 11    Str: 30    XL:     11   Next: 46%
Magic:  10/10      EV: 16    Int:  4    God:    Trog [******]
Gold:   701        SH:  0    Dex: 11    Spells: 10/10 levels left

rFire    + . .     SeeInvis +   b - +2 short sword (speed)
rCold    + . .     Faith    .   (no shield)
rNeg     . . .     Spirit   .   E - +0 troll leather armour
rPois    .         Reflect  .   u - +1 hat
rElec    .         Harm     .   i - scarf {rC+ rF+}
rCorr    .         Rampage  .   d - +0 pair of gloves
Will     .....                  B - +2 pair of boots
Stlth    ++........             (no amulet)
HPRegen  0.66/turn              j - +6 ring of strength
MPRegen  0.12/turn              m - ring of see invisible

@: berserk cooldown, slowed, very slow
A: retaliatory headbutt, horns 2
a: Renounce Religion, Berserk, Trog's Hand, Brothers in Arms


You were on level 11 of the Dungeon.
You worshipped Trog.
Trog was exalted by your worship.
You visited 2 branches of the dungeon, and saw 12 of its levels.

You collected 701 gold pieces.

Inventory:

Hand Weapons
 a - a +5 long sword
 b - a +2 short sword of speed (weapon)
 h - a +0 great sword
Missiles
 l - 5 throwing nets
Armour
 d - a +0 pair of gloves (worn)
 i - a scarf of resistance (worn)
 n - a +0 kite shield
 u - a +1 hat (worn)
 B - a +2 pair of boots (worn)
 E - a +0 troll leather armour (worn)
 H - a +2 scale mail of fire resistance
Jewellery
 j - a +6 ring of strength (left hand)
 m - a ring of see invisible (right hand)
 F - an uncursed ring of flight
 G - an uncursed ring of fire
Wands
 q - a wand of polymorph (3)
 w - a wand of disintegration (16)
 x - a wand of flame (21)
 A - a wand of digging (5)
Scrolls
 o - 2 scrolls of enchant weapon
 p - 5 scrolls of teleportation
 v - a scroll of fear
 y - 4 scrolls of remove curse
 D - 2 scrolls of magic mapping
 I - a scroll of identify
 J - a scroll of blinking {unknown}
Potions
 c - 2 potions of resistance
 e - 5 potions of lignification
 g - a potion of might {unknown}
 k - 6 potions of curing
 r - 2 potions of haste
 s - 3 potions of mutation
 t - 6 potions of flight
 z - 2 potions of degeneration {unknown}
 C - a potion of berserk rage


   Skills:
 + Level 10.2 Fighting
 + Level 10.4 Long Blades
 + Level 9.9 Armour
 + Level 9.1 Dodging
 - Level 5.0 Stealth
 - Level 5.0 Shields
 + Level 4.2 Evocations


You had 10 spell levels left.
You didn't know any spells.
Your spell library was empty.

Dungeon Overview and Level Annotations

Branches:
Dungeon (11/15)            Temple (1/1) D:4            Lair (0/6) D:9
    Orc (0/2) D:11

Altars:
Ashenzari
Dithmenos
Elyvilon
Fedhas
Gozag
Hepliaklqana
Kikubaaqudgha
Makhleb
Nemelex Xobeh
Okawaru
Qazlal
Ru
Sif Muna
Trog
Uskayaw
Vehumet
Wu Jian
Xom
Yredelemnul
Zin
The Shining One


Innate Abilities, Weirdness & Mutations

You reflexively headbutt those who attack you in melee.
You have a pair of horns on your head.


Message History

You hit the seven-headed hydra.
The seven-headed hydra is lightly wounded.
The seven-headed hydra completely misses you.
You furiously retaliate!
You headbutt the seven-headed hydra!
The seven-headed hydra completely misses you.
The seven-headed hydra bites you! x2; The seven-headed hydra bites you.
The seven-headed hydra misses you.
The seven-headed hydra barely misses you.
You feel much better.
The seven-headed hydra bites you but does no damage. x4
The seven-headed hydra bites you. x2; The seven-headed hydra bites you!
The seven-headed hydra completely misses you.
The seven-headed hydra bites you!
* * * LOW HITPOINT WARNING * * *
The seven-headed hydra bites you!
* * * LOW HITPOINT WARNING * * *
The seven-headed hydra bites you!
* * * LOW HITPOINT WARNING * * *
The seven-headed hydra misses you. x2; The seven-headed hydra bites you!
You die...

.o..##....###.....###....##
#....
....)##....#.......#....##
#..).
......###.^........)..###
#####
.......#####.......#### #
####.### ####>#### #
#....###################
......^..##.............
####
.........##.............
....
.......).......D@.......
....
<.......)#....).........
....
.......))##.............
....
.........##.............
....
..[......#####'#########
.... .........# #..# ####
#####'#### ##.# #. #.# #.
#.#


You could see a seven-headed hydra.

Vanquished Creatures
  Harold (D:11)
  A boulder beetle (D:11)
  A two-headed ogre (D:8)
  The ghost of Borgoz the Skirmisher, a novice HaFi of Ashenzari (D:6)
  The ghost of Life0 the Basher, a novice MiFi of the Shining One (D:6)
  A centaur skeleton (D:11)
  Grinder (D:3)
  A hornet (D:7)
  2 trolls
  2 wyverns
  Eustachio (D:6)
  Edmund (D:6)
  Menkaure (D:5)
  A soldier ant (D:11)
  2 wargs (D:11)
  Duvessa (D:5)
  9 orc warriors
  2 black bears (D:7)
  6 ice beasts
  A phantom (D:8)
  3 sky beasts
  A necrophage (D:7)
  6 ogres
  An eye of draining (D:10)
  4 centaurs
  2 bullfrogs
  A big kobold (D:9)
  3 scorpions
  Dowan (D:5)
  15 wights
  9 killer bees
  A centaur zombie (D:7)
  A howler monkey (D:8)
  2 quasits
  7 orc priests
  Crazy Yiuf (D:3)
  10 hounds
  A bullfrog skeleton (D:5)
  3 jellies
  An iguana (D:6)
  Ijyb (D:5)
  9 orc wizards
  5 worker ants
  A hound zombie (D:6)
  2 hound skeletons
  A worker ant zombie (D:5)
  8 gnolls
  10 adders
  4 river rats (D:3)
  5 shadow imps
  3 white imps
  3 oozes
  An adder skeleton (D:8)
  6 worms
  2 dart slugs (D:2)
  5 leopard geckos
  34 orcs
  9 giant cockroaches
  8 goblins
  9 hobgoblins
  16 jackals
  2 quokkas
  2 ball pythons
  15 bats
  4 frilled lizards
  A jackal skeleton (D:8)
  11 kobolds
  A leopard gecko skeleton (D:4)
  A quokka skeleton (D:5)
  13 rats
302 creatures vanquished.

Notes
Turn   | Place    | Note
-------+----------+-------------------------------------------
     0 | D:1      | Borgoz the Minotaur Berserker began the quest for the Orb.
     0 | D:1      | Reached XP level 1. HP: 19/19 MP: 0/0
     1 | D:1      | Found a runed translucent door.
   253 | D:1      | Reached XP level 2. HP: 24/27 MP: 1/1
   852 | D:1      | Reached XP level 3. HP: 33/33 MP: 2/2
   852 | D:1      | Reached ** piety under Trog
   908 | D:2      | Reached skill level 1 in Stealth
  1044 | D:2      | Found a sparkling altar of Nemelex Xobeh.
  1274 | D:2      | Reached XP level 4. HP: 40/40 MP: 3/3
  1293 | D:2      | Found an iron altar of Okawaru.
  1626 | D:2      | Found a broken altar of Ashenzari.
  1685 | D:2      | Found a shimmering blue altar of Sif Muna.
  2112 | D:3      | Reached XP level 5. HP: 42/47 MP: 4/4
  2283 | D:3      | Reached *** piety under Trog
  2322 | D:3      | Found a runed translucent door.
  2323 | D:3      | Noticed Crazy Yiuf
  2331 | D:3      | Killed Crazy Yiuf
  2539 | D:3      | Noticed Grinder
  2551 | D:3      | Killed Grinder
  2552 | D:3      | Reached skill level 5 in Fighting
  2552 | D:3      | Reached skill level 5 in Long Blades
  2552 | D:3      | Reached XP level 6. HP: 54/56 MP: 5/5
  3492 | D:4      | Reached XP level 7. HP: 59/61 MP: 6/6
  3559 | D:4      | Found a staircase to the Ecumenical Temple.
  3582 | Temple   | Entered the Ecumenical Temple
  3877 | D:4      | Found a burning altar of Makhleb.
  3935 | D:4      | Found an opulent altar of Gozag.
  4088 | D:5      | Entered Level 5 of the Dungeon
  4128 | D:5      | Reached **** piety under Trog
  4186 | D:5      | Reached skill level 5 in Armour
  4295 | D:5      | Noticed Menkaure
  4301 | D:5      | Killed Menkaure
  4347 | D:5      | Reached XP level 8. HP: 70/70 MP: 7/7
  4371 | D:5      | Reached skill level 5 in Dodging
  4373 | D:5      | Noticed Ijyb
  4378 | D:5      | Killed Ijyb
  4414 | D:5      | Noticed Dowan
  4416 | D:5      | Found a glowing golden altar of the Shining One.
  4416 | D:5      | Noticed Duvessa
  4499 | D:5      | Killed Dowan
  4737 | D:5      | Found a radiant altar of Vehumet.
  4742 | D:5      | Killed Duvessa
  4773 | D:6      | Noticed a moth of wrath
  5209 | D:6      | Found a runed translucent gate.
  5209 | D:6      | Found a runed translucent gate.
  5209 | D:6      | Found a runed translucent gate.
  5232 | D:6      | Noticed Eustachio
  5249 | D:6      | Killed Eustachio
  5377 | D:6      | Noticed Edmund
  5388 | D:6      | Killed Edmund
  5634 | D:6      | Noticed Borgoz's ghost (novice HaFi)
  5634 | D:6      | Noticed Life0's ghost (novice MiFi)
  5761 | D:6      | Found a sacrificial altar of Ru.
  5828 | D:6      | Found a blossoming altar of Fedhas.
  5907 | D:6      | Found a bloodstained altar of Trog.
  6016 | D:6      | Killed Borgoz's ghost
  6017 | D:6      | Reached XP level 9. HP: 80/80 MP: 8/8
  6036 | D:6      | Killed Life0's ghost
  6037 | D:6      | Reached skill level 5 in Stealth
  6216 | D:7      | Reached ***** piety under Trog
  6719 | D:7      | Paralysed by a hornet for 2 turns
  6728 | D:7      | Reached skill level 1 in Shields
  6728 | D:7      | Reached XP level 10. HP: 90/90 MP: 9/9
  6806 | D:7      | Found an ornate altar of the Wu Jian Council.
  7257 | D:7      | Found a stormy altar of Qazlal.
  7497 | D:7      | Reached skill level 1 in Evocations
  7917 | D:8      | Noticed a two-headed ogre
  7927 | D:8      | Killed a two-headed ogre
  8004 | D:8      | Found a sacrificial altar of Ru.
  8878 | D:9      | Found a staircase to the Lair.
  9461 | D:9      | Found a radiant altar of Vehumet.
  9585 | D:10     | Entered Level 10 of the Dungeon
 10037 | D:10     | Reached XP level 11. HP: 97/97 MP: 10/10
 10292 | D:11     | Reached skill level 10 in Long Blades
 10319 | D:11     | Found a shimmering blue altar of Sif Muna.
 10348 | D:11     | Noticed a boulder beetle
 10358 | D:11     | Reached ****** piety under Trog
 10380 | D:11     | Killed a boulder beetle
 10522 | D:11     | Found a stormy altar of Qazlal.
 10598 | D:11     | Found a staircase to the Orcish Mines.
 10672 | D:11     | Reached skill level 5 in Shields
 10678 | D:11     | Reached skill level 10 in Fighting
 10921 | D:11     | Noticed a five-headed hydra
 10934 | D:11     | Noticed Harold
 10945 | D:11     | Killed Harold
 11066 | D:11     | Slain by a seven-headed hydra

Illustrated notes

Levels and vault maps discovered:
D:1:      dpeg_arrival_caged_fury, layout_basic, item_on_display_a
D:2:      layout_loops_corners, nemelex_xobeh_ov_fountains_minmay,
          nicolae_overflow_hidden_temple, okawaru_trees_1
D:3:      layout_basic, lightli_sewer_entry_pipes, uniq_grinder,
          uniq_crazy_yiuf_cottage
D:4:      layout_rooms, makhleb_grotto_becter,
          nicolae_gozag_cash_rules_everything_around_me,
          minmay_temple_entry_waves, roderic_batcave
D:5:      layout_loops_ring, kennysheep_little_box, lemuel_tele_altar,
          uniq_duvessa, uniq_menkaure, uniq_ijyb
D:6:      layout_basic, tgw_trog, marbit_many_paths, basic_altar,
          gammafunk_ghost_cemetery, uniq_edmund, uniq_eustachio
D:7:      layout_basic, general_overflow_altar, basic_altar
D:8:      layout_basic, nicolae_ru_great_annihilating_truth
D:9:      layout_cave_pods, lair_entry_dummy, grunt_decor_junction,
          kennysheep_flooded_box
D:10:     layout_roguey
D:11:     layout_roguey, david_orc_1_choice, basic_altar,
          grunt_qazlal_sundering, uniq_harold
Temple:   jpeg_temple_clearing

Skill      XL: |  1  2  3  4  5  6  7  8  9 10 11 |
---------------+----------------------------------+-----
Long Blades    | 4 5 6 7 8 9 10 | 10.4
Fighting       | 4 5 6 7 8 9 10 | 10.2
Armour         | 3 4 5 7 8 9 |  9.9
Stealth        | 1 2 3 4 5 |  5.0
Dodging        | 3 4 6 7 8 9 |  9.1
Shields        | 1 4 5 |  5.0
Evocations     | 3 4 |  4.2

Action                   |  1- 3 |  4- 6 |  7- 9 | 10-12 || total
-------------------------+-------+-------+-------+-------++-------
Melee: Falchion          |    70 |   139 |   237 |   112 ||   558
       Headbutt          |    12 |    26 |    69 |    85 ||   192
       Long sword        |       |       |       |   173 ||   173
       Short sword       |       |       |       |     1 ||     1
Invok: Berserk           |     1 |     3 |     9 |     4 ||    17
       Trog's Hand       |       |     1 |     1 |     2 ||     4
Evoke: Wand              |       |       |       |     3 ||     3
  Use: Scroll            |     4 |     7 |     6 |     6 ||    23
       Potion            |       |       |     1 |     3 ||     4
 Stab: Distracted        |       |       |       |     1 ||     1
       Paralysed         |       |       |       |     1 ||     1
       Sleeping          |       |       |       |     1 ||     1
Armor: Chain mail        |    48 |    60 |   170 |    57 ||   335
       Troll leather arm |       |       |       |    64 ||    64
Dodge: Dodged            |    46 |    76 |   150 |   222 ||   494
       Rpst.: Falchion   |     7 |    23 |    42 |    13 ||    85
       Long sword        |       |       |       |    32 ||    32

Table legend: (Time is in decaauts)
 A = Elapsed time spent in this place.
 B = Non-inter-level travel time spent in this place.
 C = Inter-level travel time spent in this place.
 D = Time resting spent in this place.
 E = Time spent auto-exploring this place.
 F = Levels seen in this place.
 G = Mean time per level.
                   A        B        C        D        E       F      G
               +--------+--------+--------+--------+--------+-----+--------+
         Total |  11231 |  10822 |    409 |   1146 |   7274 |  12 |  935.9 |
       Dungeon |  11110 |  10710 |    400 |   1146 |   7163 |  11 | 1010.0 |
        Temple |    120 |    111 |      9 |      0 |    111 |   1 |  120.0 |
               +--------+--------+--------+--------+--------+-----+--------+

Top non-repeatable levels by time:
     D:3: 1461 daAuts
     D:7: 1395 daAuts
     D:9: 1221 daAuts
     D:6: 1197 daAuts
     D:1: 1057 daAuts
     D:2: 1008 daAuts
     D:5: 970 daAuts
    D:11: 804 daAuts
     D:8: 784 daAuts
    D:10: 682 daAuts
     D:4: 527 daAuts
  Temple: 120 daAuts
